Map: Triton LE

Players

Kelazhur - Winner!

  • Race: Terran Terran
  • Spawn Location: 11:00

Dear

  • Race: Protoss Protoss
  • Spawn Location: 5:00

Event: IEM Katowice 2020

VOD

Have the link to the VOD?

Description

Time

  • Played on: Feb. 25, 2020, 9:57 a.m.
  • Length: 16:26

All games in this series

Show
View Real Time Build Order
Export as new Build Order

Kelazhur Terran - Winner!

Build Orders: Reaper Expand 

Get SALT Encoding   

  12  0:00  SCV  
  13  0:12  SCV  
  14  0:17  Supply Depot  
  14  0:24  SCV  
  15  0:38  SCV  
  15  0:39  Barracks  
  16  0:43  Refinery  
  16  0:50  SCV  
  17  1:02  SCV  
  18  1:14  SCV  
  19  1:27  Reaper, Orbital Command  
  20  1:41  Command Center  
  20  1:46  Supply Depot  
  20  1:52  SCV  
  21  1:59  Marine  
  22  2:04  Factory  
  22  2:07  SCV  
  23  2:19  SCV  
  23  2:22  Barracks Reactor  
  24  2:24  Refinery  
  24  2:31  SCV  
  25  2:44  SCV  
  26  2:51  Hellion  
  28  2:54  Starport  
  28  2:56  SCV  
  28  2:57  Orbital Command  
  29  3:02  Marine x2  
  31  3:08  SCV  
  31  3:12  Widow Mine  
  34  3:20  Marine x2, SCV  
  34  3:24  SCV  
  38  3:33  SCV  
  38  3:36  SCV  
  38  3:38  Marine x2  
  39  3:46  SCV, Medivac, Widow Mine  
  39  3:48  SCV  
  40  3:55  Marine x2  
  40  3:58  SCV  
  40  4:00  SCV, Command Center  
  44  4:08  Factory Tech Lab  
  44  4:10  SCV  
  44  4:12  SCV  
  44  4:14  Supply Depot  
  46  4:17  Supply Depot  
  46  4:18  Starport Tech Lab  
  46  4:22  Barracks  
  46  4:33  Barracks  
  46  4:36  Marine x2, SCV x2  
  50  4:38  Siege Tank  
  50  4:39  Raven  
  50  4:41  Refinery  
  50  4:45  Refinery  
  55  4:48  SCV x2  
  55  4:51  Engineering Bay  
  57  4:55  Marine x2  
  59  5:00  SCV x2  
  59  5:12  SCV x2  
  60  5:18  Marine, Terran Infantry Weapons Level 1  
  60  5:19  Marine  
  60  5:20  Orbital Command  
  61  5:23  Factory Reactor  
  61  5:25  SCV x2  
  61  5:26  Marauder  
  65  5:28  Starport Reactor  
  65  5:29  Stimpack  
  65  5:30  Marauder  
  65  5:32  Supply Depot  
  67  5:35  Combat Shield  
  67  5:37  SCV  
  67  5:38  SCV  
  67  5:42  Supply Depot  
  69  5:46  Marine x2  
  69  5:49  SCV, Marauder  
  73  5:55  SCV, Marauder  
  77  5:57  Supply Depot  
  77  6:01  Widow Mine x2  
  81  6:04  SCV  
  81  6:05  Supply Depot  
  81  6:07  Medivac x2  
  81  6:08  Marine  
  81  6:09  Marine  
  81  6:11  Marauder  
  89  6:13  Orbital Command  
  89  6:16  Marauder  
  91  6:22  SCV x2  
  91  6:25  Widow Mine x2  
  97  6:34  SCV x2  
  97  6:36  Marine x2  
  97  6:37  Barracks, Marauder  
  97  6:38  Barracks  
  97  6:39  SCV  
  101  6:42  Marauder  
  101  6:46  SCV x2  
  105  6:50  Widow Mine  
  105  6:51  Widow Mine  
  105  6:53  Supply Depot  
  109  6:55  SCV  
  109  6:56  Engineering Bay  
  109  6:57  Armory  
  109  6:58  SCV x2  
  111  7:04  Medivac x2  
  111  7:08  SCV  
  116  7:10  SCV  
  116  7:14  Marine, SCV, Marauder x2  
  116  7:15  Supply Depot, Terran Infantry Armor Level 1  
  123  7:20  SCV  
  124  7:25  SCV  
  124  7:29  Refinery x2, Barracks Tech Lab  
  125  7:30  Barracks Reactor  
  125  7:37  Marine x2, SCV x2, Widow Mine x2  
  125  7:38  Supply Depot  
  125  7:42  SCV  
  133  7:45  Marauder  
  133  7:50  Marauder  
  133  7:55  Supply Depot x2  
  133  7:57  Terran Infantry Weapons Level 2  
  133  8:00  SCV x2, Widow Mine x2, Marauder  
  141  8:06  SCV  
  141  8:08  Marauder  
  141  8:11  Marine, Marauder  
  141  8:16  Marine x2, SCV x2  
  141  8:18  SCV  
  146  8:20  Marine, Sensor Tower  
  146  8:21  Marauder  
  146  8:22  Medivac x2  
  153  8:27  Supply Depot, Ghost Academy  
  153  8:32  Supply Depot  
  153  8:46  Marauder  
  154  8:52  Marauder  
  153  8:58  Medivac  
  153  9:00  Marauder  
  153  9:01  Marine x3  
  146  9:05  Widow Mine x2  
  146  9:08  Marauder  
  150  9:10  Marine  
  150  9:11  Terran Infantry Armor Level 2  
  150  9:12  Barracks  
  150  9:13  Marine, Barracks x2  
  150  9:14  Supply Depot  
  149  9:22  Marauder  
  149  9:23  Command Center  
  140  9:30  Marauder  
  134  9:33  Medivac, Widow Mine  
  134  9:34  Medivac  
  135  9:39  Marine x3, Marauder  
  135  9:40  Enhanced Shockwaves  
  135  9:43  Marauder  
  135  9:47  Concussive Shells  
  135  9:50  SCV x3  
  135  9:51  Ghost  
  135  9:52  Marine  
  139  10:00  Ghost  
  139  10:05  Barracks Tech Lab x2  
  139  10:06  Marine x3, Barracks Reactor  
  139  10:07  Ghost  
  146  10:17  Supply Depot  
  146  10:19  Marine, Ghost  
  149  10:24  Marine  
  150  10:29  Marauder, Ghost x2  
  150  10:33  Terran Infantry Weapons Level 3  
  153  10:36  Marauder  
  153  10:39  Marine  
  153  10:40  Marine x2  
  153  10:41  Marine, Widow Mine  
  155  10:43  Marine x2  
  155  10:44  Medivac  
  155  10:47  Planetary Fortress  
  155  10:49  Marauder  
  161  10:50  Marauder  
  161  10:51  Missile Turret  
  163  10:57  Marine  
  163  10:59  Marauder x2  
  163  11:00  Personal Cloaking  
  168  11:10  Marauder  
  166  11:14  Marauder  
  153  11:19  Marauder  
  153  11:20  Marauder  
  153  11:21  Marauder  
  153  11:22  Marine x4  
  160  11:32  Marauder  
  138  11:35  Marauder  
  138  11:37  Marine  
  138  11:39  Viking x2  
  142  11:40  Marauder  
  142  11:41  Marauder  
  142  11:43  Marine  
  142  11:44  Marine x4, Marauder  
  142  11:45  Starport  
  149  11:53  Marauder  
  149  11:55  Marine  
  149  11:56  Ghost  
  152  12:01  Ghost  
  152  12:02  Ghost  
  138  12:08  Marine x2, Marauder  
  138  12:09  Marine x2  
  138  12:10  Medivac x2  
  138  12:11  Widow Mine  
  138  12:14  Marauder  
  138  12:15  Marine x2  
  141  12:25  Marauder  
  141  12:26  Marine  
  141  12:28  Terran Infantry Armor Level 3, Refinery, Command Center  
  141  12:29  Command Center  
  146  12:30  Marine x3, Marauder x2  
  146  12:31  Refinery, Marauder  
  146  12:32  Widow Mine  
  146  12:33  Marine x2  
  146  12:36  Marauder, Nuke  
  159  12:44  Marine  
  159  12:46  Marauder  
  159  12:48  Marine, Missile Turret  
  159  12:50  Missile Turret  
  163  12:53  Marine  
  163  12:54  Marine x3, Marauder x3  
  163  12:57  Marine  
  163  12:58  Viking x2  
  178  13:02  Marine  
  179  13:06  Marine  
  179  13:08  Marauder  
  179  13:11  Marine  
  183  13:15  Widow Mine, Marauder x4  
  189  13:29  SCV, Marauder  
  189  13:30  SCV  
  178  13:35  Marine x2  
  178  13:36  Widow Mine, Marauder x2  
  178  13:37  Marine x4, Marauder  
  180  13:51  Orbital Command  
  180  13:53  SCV  
  180  13:54  SCV  
  182  13:58  Widow Mine, Marauder  
  182  13:59  Marine x2, Marauder  
  182  14:00  Marine x3, Marauder  
  182  14:01  Marauder  
  197  14:08  Marauder  
  199  14:20  Missile Turret  
  194  14:31  Ghost x2  
  194  14:34  Ghost x2  
  199  14:42  Nuke  
  197  14:55  Planetary Fortress, Fusion Core  
  192  15:12  Marauder  
  192  15:13  Marauder x2  
  172  15:17  Marauder x2  
  172  15:20  Marine x4  
  172  15:21  Medivac x4  
  188  15:33  Marauder  
  188  15:35  Marine x2, Marauder x2  
  190  15:37  Marine x2  
  190  15:38  Marine x2, Marauder, Factory Tech Lab  
  197  15:49  Command Center  
  192  15:54  Marauder  
  194  15:57  Marine x2  
Show
View Real Time Build Order
Export as new Build Order

Dear Protoss 

Build Orders: 1 Gate Expand, Double Forge, Blink Stalkers 

Get SALT Encoding   

  12  0:00  Probe  
  13  0:12  Probe  
  14  0:17  Pylon  
  14  0:24  Probe  
  15  0:35  Gateway  
  15  0:36  Probe (Chrono Boost)  
  16  0:46  Assimilator  
  16  0:47  Probe (Chrono Boost)  
  17  0:51  Probe (Chrono Boost)  
  18  1:03  Probe  
  19  1:15  Probe  
  20  1:22  Cybernetics Core  
  20  1:33  Nexus  
  20  1:41  Pylon  
  20  1:43  Probe  
  21  1:49  Assimilator  
  21  1:55  Probe  
  21  1:57  Adept (Chrono Boost)  
  24  2:02  Warp Gate  
  24  2:07  Probe  
  25  2:17  Stalker (Chrono Boost)  
  25  2:19  Probe  
  27  2:32  Probe  
  27  2:36  Twilight Council  
  28  2:40  Stalker  
  31  2:45  Probe (Chrono Boost)  
  31  2:49  Probe (Chrono Boost)  
  32  2:55  Probe (Chrono Boost)  
  32  2:58  Probe (Chrono Boost)  
  34  3:00  Probe (Chrono Boost)  
  35  3:08  Probe  
  35  3:11  Gateway  
  36  3:14  Probe (Chrono Boost)  
  36  3:15  Blink (Chrono Boost)  
  37  3:23  Probe (Chrono Boost)  
  37  3:26  Probe (Chrono Boost)  
  39  3:31  Robotics Facility  
  40  3:35  Probe (Chrono Boost)  
  40  3:36  Probe (Chrono Boost)  
  40  3:41  Probe  
  41  3:44  Probe  
  41  3:50  Pylon  
  41  3:53  Probe  
  41  3:55  Sentry  
  40  3:56  Probe  
  40  3:59  Nexus  
  41  4:05  Probe  
  41  4:06  Phoenix  
  41  4:07  Assimilator  
  41  4:08  Probe  
  43  4:10  Stalker  
  45  4:17  Probe, Pylon  
  45  4:19  Observer  
  45  4:20  Stalker  
  45  4:23  Assimilator  
  49  4:24  Probe  
  49  4:29  Probe  
  51  4:37  Probe, Pylon  
  52  4:40  Observer  
  52  4:41  Probe  
  52  4:43  Stalker x2  
  58  4:49  Probe  
  58  4:51  Forge  
  59  4:53  Forge  
  59  4:54  Probe  
  59  5:12  Stalker x2  
  63  5:16  Probe x2  
  65  5:23  Probe (Chrono Boost)  
  65  5:25  Protoss Ground Weapons Level 1 (Chrono Boost)  
  65  5:27  Protoss Ground Armor Level 1 (Chrono Boost)  
  67  5:29  Probe (Chrono Boost)  
  67  5:33  Probe (Chrono Boost)  
  69  5:36  Probe (Chrono Boost)  
  69  5:38  Charge  
  69  5:39  Probe (Chrono Boost), Assimilator  
  69  5:41  Probe (Chrono Boost), Assimilator  
  72  5:42  Probe (Chrono Boost)  
  72  5:44  Probe (Chrono Boost)  
  73  5:50  Probe (Chrono Boost), Templar Archives  
  76  5:57  Probe (Chrono Boost), Pylon  
  76  6:00  Probe (Chrono Boost)  
  76  6:02  Probe (Chrono Boost)  
  76  6:03  Gateway x2  
  77  6:06  Psionic Storm  
  77  6:07  Probe x2 (Chrono Boost)  
  77  6:08  Probe (Chrono Boost)  
  80  6:12  Gateway  
  80  6:13  Gateway  
  80  6:16  Probe  
  80  6:17  Probe  
  82  6:19  Probe  
  82  6:22  Pylon  
  83  6:27  High Templar  
  83  6:28  High Templar  
  83  6:32  Gateway  
  87  6:37  Gateway  
  87  6:39  Pylon  
  87  6:40  Probe  
  88  6:52  Probe  
  87  7:01  High Templar x2  
  87  7:02  Nexus  
  87  7:04  Pylon, High Templar x2  
  95  7:08  Gateway  
  95  7:09  Gateway  
  95  7:11  Pylon  
  95  7:12  Stalker x2  
  95  7:15  Warp Prism  
  101  7:23  Pylon x2  
  101  7:30  Zealot  
  101  7:35  Protoss Ground Weapons Level 2 (Chrono Boost)  
  101  7:36  Protoss Ground Armor Level 2 (Chrono Boost), Zealot x4  
  111  7:41  Zealot x3  
  109  8:00  Stalker  
  109  8:01  Stalker x4  
  109  8:03  Zealot x2  
  121  8:13  Robotics Bay  
  121  8:15  Nexus, Robotics Facility  
  121  8:20  Zealot x3  
  121  8:22  Pylon  
  127  8:29  Pylon  
  125  8:35  Zealot x4  
  133  8:53  Stalker  
  133  8:54  Stalker x3  
  101  9:05  Colossus (Chrono Boost)  
  101  9:06  Colossus (Chrono Boost), Zealot x6  
  106  9:18  Stalker x4  
  102  9:27  Zealot x6  
  108  9:37  Extended Thermal Lance  
  108  9:48  High Templar x2  
  108  9:49  High Templar x2  
  116  9:56  Colossus (Chrono Boost)  
  121  10:08  Pylon  
  121  10:09  Sentry  
  121  10:11  Pylon  
  121  10:13  Pylon  
  123  10:15  Nexus  
  123  10:17  Pylon  
  123  10:22  Pylon  
  123  10:23  Colossus (Chrono Boost)  
  119  10:31  Stalker x2  
  119  10:32  Zealot  
  119  10:33  Zealot x3  
  127  10:38  Observer  
  124  10:47  Observer (Chrono Boost)  
  124  10:49  Protoss Ground Weapons Level 3 (Chrono Boost), Protoss Ground Armor Level 3 (Chrono Boost)  
  125  10:56  Nexus  
  125  10:57  Pylon  
  125  10:59  Probe x3  
  126  11:12  Archon  
  118  11:19  Zealot x9  
  118  11:22  Zealot  
  135  11:30  Warp Prism  
  117  11:35  Archon  
  115  11:40  Disruptor  
  115  11:41  High Templar x4  
  115  11:42  Stalker x3  
  115  11:46  Zealot, Stalker  
  138  11:50  Probe x3  
  138  11:54  Pylon  
  139  12:05  Disruptor (Chrono Boost)  
  116  12:11  Observer  
  116  12:14  Disruptor (Chrono Boost)  
  100  12:16  Zealot x3  
  106  12:25  High Templar x2  
  110  12:30  Assimilator  
  110  12:34  Assimilator  
  110  12:37  Disruptor (Chrono Boost)  
  110  12:41  Probe  
  116  12:46  Disruptor (Chrono Boost)  
  117  12:52  Zealot x8  
  133  12:59  Probe  
  133  13:02  Disruptor (Chrono Boost)  
  137  13:11  Stalker x2  
  141  13:15  Disruptor (Chrono Boost), Stalker x3  
  141  13:16  Zealot, Stalker  
  141  13:17  Zealot  
  149  13:24  Archon  
  149  13:25  Zealot x2  
  124  13:36  Stalker x2  
  124  13:38  Zealot x3  
  130  13:45  Disruptor (Chrono Boost)  
  130  13:48  Disruptor (Chrono Boost)  
  132  13:54  Zealot  
  132  13:55  Zealot x3  
  137  14:11  Stalker  
  137  14:12  Stalker x4  
  137  14:14  Observer  
  148  14:17  Observer  
  142  14:34  Stalker  
  142  14:35  Observer, Stalker x3  
  149  14:38  Observer  
  149  14:44  Pylon  
  149  14:45  Pylon  
  129  14:46  Probe x4  
  129  14:47  Pylon x2  
  133  14:58  Probe x3, Zealot x3  
  105  15:15  High Templar x3  
  105  15:16  Zealot x2  
  105  15:17  Probe x4, Observer  
  119  15:27  Archon  
  119  15:33  Cybernetics Core  
  104  15:52  Zealot x2  
  104  15:53  Zealot x6  
  116  16:15  Archon x2  
  116  16:18  Zealot x5  

Tags
 
Add a new tag
Caveats
  • Supply blocks, unpowered buildings, or Contaminate may cause inaccurate times.
  • Supply counts are checked every 10 seconds.